 Dungeon Crawl Stone Soup version 0.24.0-10-g970556be89 (webtiles) character file.

Game seed: 6560277968689114372, levelgen mode: deterministic

109 Delamore the Chopper (level 4, 0/60 HPs)
             Began as a Hill Orc Monk on Nov 4, 2019.
             Succumbed to a worker ant's poison
             ... on level 2 of the Dungeon.
             The game lasted 00:03:06 (1583 turns).

Delamore the Chopper (Hill Orc Monk)                Turns: 1583, Time: 00:03:07

Health: 0/60       AC: 22    Str: 14    XL:     4   Next: 89%
Magic:  4/4        EV:  2    Int: 15    God:
Gold:   54         SH:  0    Dex: 13    Spells: 3/3 levels left

rFire    . . .     SeeInvis .   a - +1 hand axe
rCold    . . .     Gourm    .   (no shield)
rNeg     + + +     Faith    .   (armour currently unavailable)
rPois    +         Spirit   .   (helmet currently unavailable)
rElec    .         Reflect  .   (cloak currently unavailable)
rCorr    .         Harm     .   (gloves currently unavailable)
MR       .....     NoTele   +   (boots currently unavailable)
Stlth    +++.......             (no amulet)
HPRegen  0.20/turn              g - ring of stealth
MPRegen  0.09/turn              (no ring)

@: brilliant, lethally poisoned (0 -> -5), tree-form
A: no striking features
a: no special abilities


You were on level 2 of the Dungeon.
You were not hungry.
You were a tree.
You visited 1 branch of the dungeon, and saw 2 of its levels.

You collected 54 gold pieces.

Inventory:

Hand Weapons
 a - a +1 hand axe (weapon)
Missiles
 m - 11 poisoned darts (quivered)
Armour
 b - a +0 robe
 f - a +1 helmet (melded)
 h - a +0 ring mail (melded)
Jewellery
 g - a ring of stealth (left branch)
Potions
 i - a potion of lignification
 j - a potion of brilliance
Comestibles
 c - 5 rations
 n - 2 chunks of flesh


   Skills:
 + Level 4.2 Fighting
 + Level 5.2 Axes
 + Level 1.0 Armour
 + Level 2.9 Dodging
 + Level 2.4 Stealth


You had 3 spell levels left.
You didn't know any spells.
Your spell library was empty.

Dungeon Overview and Level Annotations

Branches:
Dungeon (2/15)

Altars:
Elyvilon


Message History

As you read the scroll labeled CAIPNI NIOHA, it crumbles to dust.
The scroll dissolves into smoke.
It was a scroll of fog.
* * * LOW HITPOINT WARNING * * *
You feel sick.
As you read the scroll labeled OXEALU LYKKO, it crumbles to dust.
It is a scroll of amnesia.
You feel forgetful for a moment.
* * * LOW HITPOINT WARNING * * *
You feel sick.
As you read the scroll labeled WASIUTO BUXTOH, it crumbles to dust.
It is a scroll of enchant weapon.
Your +0 hand axe glows red for a moment.
* * * LOW HITPOINT WARNING * * *
You feel sick.
As you read the scroll labeled FIEGOGH XILIU, it crumbles to dust.
You feel blessed for a moment.
It was a scroll of remove curse.
* * * LOW HITPOINT WARNING * * *
You feel sick.
Unknown command.
You die...

############ #####
.....§§§§§.# ##### #....
.....§§♣§§.###...###....
.......§§#§#..............
...$...#§†§§..............
....######.#..........)...
....#...#....##...........
......................... .
.............#......##[.. ..
######.#......#......##...
..##....#........#......##...


There were no monsters in sight!

Vanquished Creatures
  Terence (D:2)
  A worker ant (D:2)
  An adder (D:2)
  3 dart slugs
  A leopard gecko (D:2)
  5 bats
  4 giant cockroaches
  6 goblins
  5 hobgoblins
  4 jackals (D:2)
  2 frilled lizards
  3 kobolds (D:1)
  9 rats
45 creatures vanquished.

Notes
Turn   | Place    | Note
-------+----------+-------------------------------------------
     0 | D:1      | Delamore the Hill Orc Monk began the quest for the Orb.
     0 | D:1      | Reached XP level 1. HP: 19/19 MP: 1/1
    88 | D:1      | Reached XP level 2. HP: 20/27 MP: 2/2
   489 | D:1      | Reached XP level 3. HP: 33/33 MP: 3/3
  1268 | D:2      | Noticed Terence
  1284 | D:2      | Killed Terence
  1284 | D:2      | Reached skill level 5 in Axes
  1284 | D:2      | Reached XP level 4. HP: 19/40 MP: 4/4
  1463 | D:2      | Found a white marble altar of Elyvilon.
  1577 | D:2      | Reached skill level 1 in Armour
  1579 | D:2      | HP: 3/60 [poisoned by a worker ant]
  1582 | D:2      | HP: 1/60 [poisoned by a worker ant]
  1583 | D:2      | Succumbed to a worker ant's poison

Levels and vault maps discovered:
D:1:      psy_arrival_spokes, layout_basic
D:2:      layout_basic, lemuel_crystal_altar, uniq_terence

Skill      XL: |  1  2  3  4 |
---------------+-------------+-----
Stealth        | 2 |  2.4
Fighting       | 4 |  4.2
Axes           | 5 |  5.2
Armour         | 1 |  1.0
Dodging        | |  2.9

Action                   |  1- 3 |  4- 6 || total
-------------------------+-------+-------++-------
Melee: Hand axe          |   109 |    40 ||   149
  Use: Scroll            |       |     5 ||     5
       Potion            |       |     2 ||     2
 Stab: Sleeping          |     7 |     1 ||     8
  Eat: Chunk             |       |     2 ||     2
Armor: Robe              |    17 |       ||    17
       Ring mail         |    13 |    14 ||    27
       Skin              |       |     4 ||     4
Dodge: Dodged            |    81 |    41 ||   122
